 Dungeon Crawl Stone Soup version 0.23.1-37-gaa34b87 (webtiles) character file.

Game seed: 9786762559681851741

14965 Hasart the Cleaver (level 12, -1/76 HPs)
             Began as a Gargoyle Fighter on Mar 23, 2019.
             Was an Initiate of Gozag.
             Slain by Snorg (2 damage)
             ... on level 12 of the Dungeon.
             The game lasted 00:28:13 (12819 turns).

Hasart the Cleaver (Gargoyle Fighter)              Turns: 12819, Time: 00:28:14

Health: -1/76      AC: 29    Str: 31    XL:     12   Next: 22%
Magic:  15/15      EV: 12    Int: 16    God:    Gozag
Gold:   1304       SH: 13    Dex: 18    Spells: 11/11 levels left

rFire    + + +     SeeInvis .   d - +0 broad axe
rCold    + . .     Gourm    .   c - +0 shield
rNeg     + . .     Faith    .   L - +1 plate armour of Cowardice {MR+ Str+4}
rPois    ∞         Spirit   .   (no helmet)
rElec    +         Reflect  .   k - +0 cloak
rCorr    .         Harm     .   K - +2 pair of gloves {Dex+3}
MR       +....                  (no boots)
Stlth    ..........             (no amulet)
HPRegen  0.22/turn              H - ring of the Briny Deep {rF+++ Slay+3 Stlth+}
MPRegen  0.14/turn              j - ring of protection from cold

@: mighty, brilliant, agile, gold aura
A: negative energy resistance 1, electricity resistance, unbreathing,
petrification resistance, rot immunity, AC +8
a: Potion Petition, Call Merchant, Bribe Branch, Renounce Religion


You were on level 12 of the Dungeon.
You worshipped Gozag.
Gozag was most pleased with you.
You were not hungry.

You visited 2 branches of the dungeon, and saw 13 of its levels.
You also visited: Bailey.

You collected 2702 gold pieces.
You spent 916 gold pieces at shops.
You paid 482 gold pieces to Gozag.

Inventory:

Hand Weapons
 d - a +0 broad axe (weapon)
 E - a cursed +2 morningstar
Missiles
 m - 3 silver tomahawks
 s - 29 tomahawks of returning (quivered)
Armour
 c - a +0 shield (worn)
 k - a +0 cloak (worn)
 K - a +2 pair of gloves of dexterity (worn)
 L - the +1 plate armour of Cowardice (worn) {MR+ Str+4}
   (You bought it in a shop on level 10 of the Dungeon)

   It affects your strength (+4).
   It affects your resistance to hostile enchantments.
Jewellery
 j - a ring of protection from cold (right hand)
 q - a +3 ring of evasion
 w - an uncursed ring of see invisible
 D - a +3 ring of dexterity
 H - the ring of the Briny Deep (left hand) {rF+++ Slay+3 Stlth+}
   (You found it on level 8 of the Dungeon)

   [ring of stealth]

   It affects your accuracy and damage with ranged weapons and melee attacks
   (+3).
   It renders you almost immune to fire.
   It makes you more stealthy.
 M - an uncursed ring of ice
Wands
 a - a wand of clouds (4)
 y - a wand of flame (46)
 A - a wand of acid (14)
 G - a wand of enslavement (9)
 J - a wand of disintegration (6)
Scrolls
 e - 15 scrolls of identify
 n - 4 scrolls of remove curse
 r - 2 scrolls of magic mapping
 t - 3 scrolls of enchant weapon
 u - 3 scrolls of amnesia {unknown}
 v - 2 scrolls of immolation {unknown}
 z - 3 scrolls of random uselessness {unknown}
 B - 7 scrolls of teleportation
 C - 2 scrolls of enchant armour {unknown}
Potions
 b - a potion of invisibility {unknown}
 g - 3 potions of heal wounds
 h - 3 potions of flight {unknown}
 i - 2 potions of agility {unknown}
 l - 3 potions of brilliance {unknown}
 o - 3 potions of cancellation {unknown}
 p - 5 potions of curing
 x - 2 potions of magic {unknown}
 F - a potion of lignification {unknown}
Miscellaneous
 I - a fan of gales
Comestibles
 f - 14 rations


   Skills:
 + Level 9.5 Fighting
 * Level 10.6 Axes
 + Level 5.4 Throwing
 + Level 9.5 Armour
 + Level 9.5 Shields
 - Level 4.0 Evocations


You had 11 spell levels left.
You didn't know any spells.
Your spell library contained the following spells:

 Spells                   Type           Power        Failure   Level  Hunger
 Confusing Touch          Hex            #.....       32%         1    ##.....
 Corona                   Hex            #......      32%         1    ##.....
 Flame Tongue             Conj/Fire      #....        32%         1    ##.....
 Freeze                   Ice            #...         32%         1    ##.....
 Magic Dart               Conj           #...         32%         1    ##.....
 Sandblast                Erth           #.....       32%         1    ##.....
 Summon Small Mammal      Summ           #...         32%         1    ##.....
 Passwall                 Tmut/Erth      #.......     43%         2    ###....
 Poisonous Vapours        Pois/Air       #.....       43%         2    ###....
 Searing Ray              Conj           #.....       43%         2    ###....
 Shroud of Golubria       Chrm/Tloc      #.........   43%         2    ###....
 Dazzling Spray           Conj/Hex       #.....       65%         3    ####...
 Gell's Gravitas          Tloc           #.........   65%         3    ####...
 Portal Projectile        Hex/Tloc       #.....       65%         3    ####...
 Regeneration             Chrm/Necr      #.........   65%         3    ####...
 Stone Arrow              Conj/Erth      #.....       65%         3    ####...
 Force Lance              Conj/Tloc      #.......     93%         4    #####..
 Fulminant Prism          Conj/Hex       #.........   93%         4    #####..
 Iskenderun's Mystic Bla  Conj           #.......     93%         4    #####..
 Petrify                  Tmut/Erth      #.......     93%         4    #####..
 Lee's Rapid Deconstruct  Erth           #.........   99%         5    ######.
 Conjure Ball Lightning   Conj/Air       #.........   100%        6    #######
 Dispersal                Tloc           #.........   100%        6    #######
 Ring of Flames           Chrm/Fire      #.........   100%        7    #######
 Controlled Blink         Tloc           N/A          100%        8    #######
 Disjunction              Tloc           #.........   100%        8    #######


Dungeon Overview and Level Annotations

Branches:
Dungeon (12/15)            Temple (1/1) D:4            Lair (0/6) D:10
    Orc (0/2) D:11

Altars:
Ashenzari
Cheibriados
Dithmenos
Elyvilon
Gozag
Hepliaklqana
Kikubaaqudgha
Makhleb
Nemelex Xobeh
Okawaru
Qazlal
Ru
Sif Muna
Trog
Uskayaw
Vehumet
Wu Jian
Xom
Yredelemnul
Zin
The Shining One

Shops:
D:10 [

Annotations:
D:12 Snorg


Innate Abilities, Weirdness & Mutations

You are resistant to torment.
Your stone body is resilient. (AC +8)
You are immune to poison.
You resist negative energy. (rN+)
You are resistant to electric shocks. (rElec)
You can survive without breathing.
You are immune to petrification.
You are immune to rotting.


Message History

* * * LOW HITPOINT WARNING * * *
Snorg claws you.
* * * LOW HITPOINT WARNING * * *
You block Snorg's attack. The hippogriff bites you.
* * * LOW HITPOINT WARNING * * *
The hippogriff misses you. The hippogriff closely misses you.
Snorg closely misses you. Snorg claws you but does no damage. x2
The hippogriff bites you but does no damage.
The hippogriff closely misses you. The hippogriff barely misses you.
You hit Snorg.
Snorg is severely wounded.
You slice the hippogriff!! Snorg bites you but does no damage.
Snorg completely misses you. Snorg barely misses you.
The hippogriff bites you but does no damage.
The hippogriff pecks you but does no damage.
You block the hippogriff's attack. Snorg bites you.
* * * LOW HITPOINT WARNING * * *
Snorg closely misses you. Snorg claws you.
You die...
Your body crumbles into a pile of gold.

...... ............
......... #.....#.....
../. .... #...........
#.... ...####...........
... #..#.........#...
... #.#....#....#... .
#.###....#...#.##...
....#YT#..##.#..........
(..YYYH@................
###.###....(............
##................
...............##
...<............).
................##
..........<......#
##########.#### #.#


You could see Snorg (berserk), a hippogriff and 4 yaks.

Vanquished Creatures
  Fannar (D:12)
  2 orc knights
  A manticore (D:8)
  An ugly thing (D:11)
  A cyclops (D:10)
  Maurice (D:10)
  Joseph (D:7)
  2 gargoyles (D:11)
  A centaur zombie (D:10)
  An efreet (D:8)
  A centaur skeleton (D:11)
  2 trolls
  5 hippogriffs
  A vampire (D:11)
  8 yaks
  3 wyverns
  2 hungry ghosts
  A steam dragon (D:7)
  4 porcupines (D:10)
  Duvessa (D:5)
  A swamp drake (D:11)
  3 black bears
  9 orc warriors
  5 ice beasts
  A sky beast (D:9)
  A phantom (D:7)
  7 ogres
  A crocodile (D:10)
  4 centaurs
  3 big kobolds (D:11)
  6 bullfrogs
  A wyvern zombie (D:9)
  Dowan (D:5)
  5 scorpions
  2 killer bees
  5 wights
  4 howler monkeys
  4 crimson imps
  3 quasits
  5 bullfrog skeletons
  3 hounds
  A jelly (D:5)
  10 orc priests
  9 orc wizards
  5 iguanas
  5 worker ants
  A killer bee zombie (D:10)
  A hound zombie (D:6)
  2 hound skeletons
  A worker ant zombie (D:8)
  12 gnolls
  8 adders
  3 shadow imps
  3 oozes
  An adder skeleton (D:8)
  7 worms
  2 dart slugs
  8 leopard geckos
  32 orcs
  13 bats
  10 giant cockroaches
  13 goblins
  15 hobgoblins
  5 jackals
  20 kobolds
  6 quokkas
  A ball python (D:2)
  9 frilled lizards
  3 goblin skeletons (D:6)
  2 goblin zombies (D:6)
  4 hobgoblin zombies (D:6)
  A jackal zombie (D:3)
  A kobold zombie (D:6)
  A leopard gecko zombie (D:8)
  A quokka skeleton (D:4)
  11 rats
  7 fungi (D:10)
348 creatures vanquished.

Vanquished Creatures (collateral kills)
  An orc warrior (D:10)
1 creature vanquished.

Vanquished Creatures (others)
  A porcupine (D:10)
  13 fungi (D:10)
  A plant (D:10)
15 creatures vanquished.

Grand Total: 364 creatures vanquished

Notes
Turn   | Place    | Note
-------+----------+-------------------------------------------
     0 | D:1      | Hasart the Gargoyle Fighter began the quest for the Orb.
     0 | D:1      | Reached XP level 1. HP: 14/14 MP: 1/1
    33 | D:1      | Reached skill level 2 in Axes
    53 | D:1      | Reached XP level 2. HP: 14/19 MP: 2/2
   237 | D:1      | Reached XP level 3. HP: 23/23 MP: 3/3
   834 | D:2      | Reached XP level 4. HP: 23/29 MP: 4/4
  1229 | D:2      | Reached skill level 3 in Axes
  1459 | D:2      | Reached XP level 5. HP: 29/33 MP: 5/5
  2217 | D:3      | Reached XP level 6. HP: 38/38 MP: 6/6
  2465 | D:3      | Reached skill level 4 in Axes
  2812 | D:4      | Found a sparkling altar of Nemelex Xobeh.
  2838 | D:4      | Found a staircase to the Ecumenical Temple.
  2850 | D:4      | Reached XP level 7. HP: 32/44 MP: 7/7
  2860 | Temple   | Entered the Ecumenical Temple
  3144 | Temple   | Became a worshipper of Gozag Ym Sagoz the Greedy
  3378 | D:4      | Reached skill level 5 in Fighting
  3378 | D:4      | Reached skill level 5 in Armour
  3407 | D:4      | Reached skill level 5 in Axes
  3407 | D:4      | Reached skill level 5 in Shields
  3596 | D:4      | Reached XP level 8. HP: 45/49 MP: 8/8
  3872 | D:4      | Got a distressingly furry shield
  3883 | D:4      | Identified the -1 shield of Hospitality {Int+3} (You found
                  | it on level 4 of the Dungeon)
  4069 | D:5      | Entered Level 5 of the Dungeon
  4083 | D:5      | Noticed Duvessa
  4083 | D:5      | Noticed Dowan
  4095 | D:5      | Killed Duvessa
  4096 | D:5      | Killed Dowan
  4473 | D:5      | Reached skill level 6 in Axes
  4685 | D:6      | Found a glowing golden altar of the Shining One.
  4782 | D:6      | Found a shimmering altar of Xom.
  4785 | D:6      | Found a snail-covered altar of Cheibriados.
  4785 | D:6      | Found a burning altar of Makhleb.
  4845 | D:6      | Found a deep blue altar of Sif Muna.
  4846 | D:6      | Found a bloodstained altar of Trog.
  4848 | D:6      | Found an ornate altar of the Wu Jian Council.
  4850 | D:6      | Found an iron altar of Okawaru.
  4850 | D:6      | Found a white marble altar of Elyvilon.
  5029 | D:7      | Reached XP level 9. HP: 32/56 MP: 9/9
  5345 | D:7      | Reached skill level 7 in Axes
  5426 | D:7      | Found a flagged portal.
  5437 | Bailey   | Entered a bailey
  5643 | Bailey   | Noticed an orc knight
  5659 | Bailey   | Killed an orc knight
  5659 | Bailey   | Reached skill level 1 in Throwing
  6033 | Bailey   | Found an iron altar of Okawaru.
  6077 | D:7      | Noticed Joseph
  6100 | D:7      | Killed Joseph
  6340 | D:7      | Reached skill level 8 in Axes
  6340 | D:7      | Reached XP level 10. HP: 54/63 MP: 10/10
  7478 | D:8      | Reached skill level 1 in Evocations
  7971 | D:8      | Noticed a manticore
  8317 | D:8      | Identified Aced's Disquisition on Good Luck and Air
  8320 | D:8      | Got a steaming lapis lazuli ring
  8322 | D:8      | Identified the ring of the Briny Deep {rF+++ Slay+3 Stlth+}
                  | (You found it on level 8 of the Dungeon)
  8351 | D:8      | Killed a manticore
  8850 | D:9      | Reached skill level 9 in Axes
  9062 | D:9      | Reached XP level 11. HP: 63/69 MP: 12/12
  9375 | D:10     | Entered Level 10 of the Dungeon
  9845 | D:10     | Noticed Maurice
  9878 | D:10     | Killed Maurice
 10444 | D:10     | Found a staircase to the Lair.
 10490 | D:10     | Bought a +2 pair of gloves of dexterity for 279 gold pieces
 10490 | D:10     | Bought the +1 plate armour of Cowardice {MR+ Str+4} for 637
                  | gold pieces
 10543 | D:10     | Noticed a cyclops
 10559 | D:10     | Killed a cyclops
 11060 | D:11     | Reached skill level 10 in Axes
 11333 | D:11     | Noticed a two-headed ogre
 11758 | D:11     | Found a staircase to the Orcish Mines.
 11781 | D:11     | Reached skill level 5 in Throwing
 11916 | D:11     | Identified Foxtebecs's Initiation to Magic
 11964 | D:11     | Reached XP level 12. HP: 66/76 MP: 15/15
 12765 | D:12     | Noticed Fannar
 12785 | D:12     | Killed Fannar
 12807 | D:12     | Noticed Snorg
 12819 | D:12     | HP: 1/76 [Snorg (3)]
 12819 | D:12     | Slain by Snorg

Skill      XL: |  1  2  3  4  5  6  7  8  9 10 11 |
---------------+----------------------------------+-----
Axes           | 2 3 4 5 6 8 9 10 | 10.6
Fighting       | 4 5 6 7 8 9 |  9.5
Armour         | 4 5 6 7 8 9 |  9.5
Shields        | 4 5 6 7 8 9 |  9.5
Throwing       | 2 3 5 |  5.4
Evocations     | 2 4 |  4.0

Action                   |  1- 3 |  4- 6 |  7- 9 | 10-12 || total
-------------------------+-------+-------+-------+-------++-------
Melee: War axe           |    93 |   271 |   303 |       ||   667
       Broad axe         |       |       |    66 |   646 ||   712
Throw: Tomahawk          |       |       |       |     8 ||     8
Invok: Call Merchant     |       |       |       |     1 ||     1
       Potion Petition   |       |       |       |     1 ||     1
Evoke: Wand              |       |       |       |     6 ||     6
  Use: Scroll            |       |       |     6 |     3 ||     9
       Potion            |       |       |     1 |       ||     1
 Stab: Distracted        |       |       |     1 |     4 ||     5
       Sleeping          |       |       |       |     1 ||     1
  Eat: Chunk             |       |     7 |     1 |       ||     8
       Ration            |       |       |     3 |     9 ||    12
Armor: Scale mail        |    77 |   130 |   152 |       ||   359
       Ring mail         |       |       |    34 |   246 ||   280
       Plate armour      |       |       |       |   137 ||   137
Dodge: Dodged            |    30 |   142 |   214 |   184 ||   570
Block: Shield            |    49 |   154 |   268 |   400 ||   871
